 Dungeon Crawl Stone Soup version 0.29-a0-1016-g236c7fd91e (webtiles) character file.

Game seed: 10599791759402184208

381 siradein the Trooper (level 6, -4/57 HPs)
             Began as a Ghoul Fighter on Aug 10, 2022.
             Slain by a wyvern (11 damage)
             ... on level 5 of the Dungeon.
             The game lasted 00:11:26 (3969 turns).

siradein the Trooper (Ghoul Fighter)                Turns: 3969, Time: 00:11:27

Health: -4/57      AC: 11    Str: 20    XL:     6   Next: 75%
Magic:  5/5        EV:  5    Int:  3    God:
Gold:   99         SH:  4    Dex: 10    Spells: 5/5 levels left

rFire   . . .      SeeInvis .   d - -1 eveningstar
rCold   + . .      Faith    .   c - +0 buckler
rNeg    + + +      Spirit   .   s - +0 plate armour
rPois   ∞          Reflect  .   (no helmet)
rElec   .          Harm     .   (no cloak)
rCorr   .          Rampage  .   (no gloves)
Will    .....                   (no boots)
Stlth   ..........              a - amulet of magic regeneration
HPRegen 0.00/turn               (no ring)
MPRegen 0.49/turn               (no ring)

@: inhibited regen
A: claws 1, cold resistance 1, negative energy resistance 3, inhibited
regeneration, torment resistance 2, devour on kill
a: no special abilities


You were on level 5 of the Dungeon.
You visited 1 branch of the dungeon, and saw 5 of its levels.

You collected 264 gold pieces.
You spent 165 gold pieces at shops.

Inventory:

Hand Weapons
 d - a -1 eveningstar (weapon)
Missiles
 f - 5 javelins
 o - 9 stones (quivered)
Armour
 c - a +0 buckler (worn)
 s - a +0 plate armour (worn)
Jewellery
 a - an amulet of magic regeneration (around neck)
Wands
 t - a wand of flame (22)
Scrolls
 b - a scroll of vulnerability {unknown}
 g - a scroll of torment {unknown}
 j - a scroll of enchant armour
 l - 3 scrolls of amnesia
 m - a scroll of magic mapping
 n - a scroll of teleportation {unknown}
 p - 2 scrolls of poison {unknown}
Potions
 h - a potion of haste {unknown}
 i - 3 potions of degeneration {unknown}
 k - 2 potions of heal wounds
 q - a potion of curing {unknown}
 r - a potion of brilliance {unknown}


   Skills:
 + Level 6.1 Fighting
 + Level 4.6 Maces & Flails
 - Level 2.6 Armour
 - Level 2.6 Shields


You had 5 spell levels left.
You didn't know any spells.
Your spell library contained the following spells:

 Spells                   Type           Power      Damage    Failure   Level
 Freeze                   Ice            0%         1d3       100%        1
 Frozen Ramparts          Ice            0%         1d1       100%        3
 Gell's Gravitas          Tloc           0%         N/A       100%        3
 Lesser Beckoning         Tloc           0%         N/A       100%        3
 Teleport Other           Tloc           0%         N/A       100%        3
 Hailstorm                Conj/Ice       0%         3d3       100%        4
 Freezing Cloud           Conj/Ice/Air   0%         6-21      100%        5
 Simulacrum               Ice/Necr       0%         N/A       100%        6
 Polar Vortex             Ice            0%         N/A       100%        9


Dungeon Overview and Level Annotations

Branches:
Dungeon (5/15)
 Temple: D:4-7

Altars:

Shops:
D:4 *


Innate Abilities, Weirdness & Mutations

You are immune to poison.
You have sharp fingernails.
Your flesh is cold resistant. (rC+)
You are immune to negative energy. (rN+++)
You do not regenerate when monsters are visible.
You are immune to unholy pain and torment.
You thrive by killing the living.


Message History

You hear the sound of rushing water.
There is an entrance to a sewer on this level.
Hurry and find it before the portal rusts away!
There is a stone staircase leading up here.
Found a mace.
A two-headed ogre comes into view. It is wielding two +0 giant clubs.
The two-headed ogre shouts in stereo!
The two-headed ogre hits you with a +0 giant club!!
The two-headed ogre barely misses you.
You sock the two-headed ogre!
The two-headed ogre is lightly wounded.
You barely miss the two-headed ogre.
The two-headed ogre is lightly wounded.
The two-headed ogre hits you with a +0 giant club!!
* * * LOW HITPOINT WARNING * * *
You block the two-headed ogre's attack.
As you read the scroll of fear, it crumbles to dust.
You assume a fearsome visage.
The two-headed ogre looks frightened!
There is a stone staircase leading up here.
You climb upwards.
There is a stone staircase leading down here.
You see here a +0 giant club.
There is a stone staircase leading down here.
You climb downwards.
You hear the sound of rushing water.
There is an entrance to a sewer on this level.
Hurry and find it before the portal rusts away!
You hear the slow rusting of a very distant drain.
Found a scroll of identify.
There is a stone staircase leading up here.
Found a stone staircase leading down.
A wyvern comes into view.
You puncture the wyvern!
The wyvern is moderately wounded.
The wyvern bites you. The wyvern bites you!
* * * LOW HITPOINT WARNING * * *
You barely miss the wyvern.
The wyvern is moderately wounded.
The wyvern bites you.
* * * LOW HITPOINT WARNING * * *
The wyvern bites you!
You die...

#.. #. ..##.
#.#>
#######..######
....l..?.......
#...# #...# #
#l..#
.###.###@..#
...........#
.......<...#
.########..#
..# ..# ..# ..#
..#


You could see a wyvern.

Vanquished Creatures
  An ogre (D:4)
  A scorpion (D:4)
  An orc priest (D:3)
  A jelly (D:4)
  Terence (D:2)
  7 adders
  A worm (D:4)
  A dart slug (D:1)
  6 orcs (D:3)
  7 ball pythons
  7 endoplasms
  4 giant cockroaches
  13 goblins
  8 hobgoblins
  3 jackals (D:1)
  2 kobolds
  2 quokkas
  4 bats
  3 frilled lizards (D:1)
  5 rats
78 creatures vanquished.

Vanquished Creatures (others)
  4 plants (D:1)
4 creatures vanquished.

Grand Total: 82 creatures vanquished

Notes
Turn   | Place    | Note
-------+----------+-------------------------------------------
     0 | D:1      | siradein the Ghoul Fighter began the quest for the Orb.
     0 | D:1      | Reached XP level 1. HP: 19/19 MP: 0/0
   244 | D:1      | Reached XP level 2. HP: 26/26 MP: 1/1
   767 | D:1      | Reached XP level 3. HP: 23/33 MP: 2/2
   773 | D:1      | Reached skill level 4 in Fighting
  1007 | D:1      | Found a faded altar of an unknown god.
  1476 | D:2      | Noticed Terence
  1580 | D:2      | Killed Terence
  1581 | D:2      | Reached XP level 4. HP: 31/41 MP: 3/3
  2562 | D:3      | Reached skill level 5 in Fighting
  2562 | D:3      | Reached XP level 5. HP: 14/48 MP: 4/4
  3301 | D:4      | Found Geatt's Lightly-Used Armoury.
  3373 | D:4      | Bought a -2 demon whip for 55 gold pieces
  3397 | D:4      | Noticed an ogre
  3406 | D:4      | Killed an ogre
  3407 | D:4      | Reached XP level 6. HP: 29/57 MP: 5/5
  3416 | D:4      | Bought a -1 eveningstar for 110 gold pieces
  3691 | D:4      | Reached skill level 6 in Fighting
  3900 | D:5      | Entered Level 5 of the Dungeon
  3906 | D:5      | Noticed a two-headed ogre
  3964 | D:5      | Noticed a wyvern
  3969 | D:5      | Slain by a wyvern

Illustrated notes

Levels and vault maps discovered:
D:1:      dpeg_arrival_snail, layout_loops_ring, chequers_ecumenical_altar_lobes
D:2:      wad_pebble_path, layout_basic, grunt_decor_arrowhead, uniq_terence
D:3:      layout_basic, minmay_puff
D:4:      layout_basic, minmay_shop_damaged
D:5:      layout_loops_ring, nicolae_wu_jian_immortal_techniques,
          minmay_temple_entry_sparse_star, portal_sewer_entry_e, st_stairs_6

Skill      XL: |  1  2  3  4  5  6 |
---------------+-------------------+-----
Maces & Flails | 2 3 4 |  4.6
Fighting       | 4 5 6 |  6.1
Armour         | |  2.6
Shields        | |  2.6

Action                   |  1- 3 |  4- 6 || total
-------------------------+-------+-------++-------
Melee: Flail             |   141 |    26 ||   167
       Morningstar       |       |    72 ||    72
       Demon whip        |       |     4 ||     4
       Eveningstar       |       |    14 ||    14
  Use: Scroll            |     5 |     4 ||     9
       Potion            |       |     1 ||     1
Armor: Scale mail        |    87 |       ||    87
       Chain mail        |       |    56 ||    56
       Plate armour      |       |     8 ||     8
Dodge: Dodged            |    76 |    23 ||    99
Block: Buckler           |    41 |    16 ||    57

Table legend: (Time is in decaauts)
 A = Elapsed time spent in this place.
 B = Non-inter-level travel time spent in this place.
 C = Inter-level travel time spent in this place.
 D = Time resting spent in this place.
 E = Time spent auto-exploring this place.
 F = Levels seen in this place.
 G = Mean time per level.
                   A        B        C        D        E       F      G
               +--------+--------+--------+--------+--------+-----+--------+
         Total |   4054 |   3794 |    260 |      0 |   3066 |   5 |  810.8 |
       Dungeon |   4054 |   3794 |    260 |      0 |   3066 |   5 |  810.8 |
               +--------+--------+--------+--------+--------+-----+--------+

Top non-repeatable levels by time:
     D:3: 1264 daAuts
     D:1: 1201 daAuts
     D:2: 880 daAuts
     D:4: 673 daAuts
     D:5: 34 daAuts
